Map: Orbital Shipyard

Players

ShoWTimE

  • Race: Protoss Protoss
  • League: Master

MarineLorD - Winner!

  • Race: Terran Terran
  • League: Master

Event: DreamHack ZOWIE Open Leipzig

VOD

https://www.youtube.com/watch?v=87OFjJyzyZg

Description

Time

  • Played on: Jan. 22, 2016, 11:36 a.m.
  • Length: 17:02

All games in this series

Show
View Real Time Build Order
Export as new Build Order

ShoWTimE Protoss 

Build Orders: 1 Gate Expand 

Get SALT Encoding   

  12  0:00  Probe (Chrono Boost)  
  13  0:11  Probe (Chrono Boost)  
  14  0:18  Pylon  
  14  0:22  Probe (Chrono Boost)  
  15  0:36  Gateway, Probe (Chrono Boost)  
  15  0:41  Assimilator  
  16  0:46  Probe (Chrono Boost)  
  18  0:57  Probe (Chrono Boost)  
  18  1:07  Probe (Chrono Boost)  
  19  1:21  Nexus  
  19  1:31  Cybernetics Core  
  19  1:34  Probe (Chrono Boost)  
  20  1:41  Assimilator  
  20  1:45  Probe (Chrono Boost)  
  21  1:50  Pylon  
  21  1:55  Probe (Chrono Boost)  
  22  2:06  Probe (Chrono Boost)  
  22  2:08  Adept (Chrono Boost), Warp Gate  
  25  2:16  Probe (Chrono Boost)  
  26  2:26  Twilight Council  
  26  2:28  Probe  
  27  2:32  Probe  
  27  2:33  Adept (Chrono Boost)  
  30  2:40  Probe  
  30  2:42  Probe  
  32  2:50  Robotics Facility  
  32  2:54  Probe x2  
  34  3:03  Adept (Chrono Boost)  
  36  3:06  Probe  
  36  3:07  Resonating Glaives (Chrono Boost)  
  36  3:09  Probe  
  38  3:18  Probe  
  39  3:21  Gateway, Probe  
  40  3:29  Gateway  
  40  3:30  Probe  
  41  3:35  Gateway  
  41  3:43  Warp Prism (Chrono Boost)  
  41  3:44  Mothership Core  
  45  3:53  Probe, Pylon  
  46  3:59  Pylon  
  46  4:09  Probe  
  46  4:11  Probe  
  46  4:15  Observer (Chrono Boost)  
  48  4:19  Probe  
  48  4:23  Probe  
  50  4:30  Probe  
  49  4:35  Probe, Adept  
  53  4:39  Nexus, Pylon  
  53  4:40  Probe  
  53  4:43  Pylon  
  53  4:45  Assimilator  
  54  4:47  Probe, Assimilator  
  54  4:51  Probe  
  54  4:52  Sentry x3  
  62  4:59  Probe  
  63  5:01  Probe  
  63  5:05  Blink (Chrono Boost)  
  64  5:08  Pylon  
  64  5:11  Probe  
  64  5:12  Probe  
  66  5:19  Pylon  
  66  5:20  Immortal  
  70  5:22  Probe  
  70  5:23  Probe  
  70  5:27  Pylon  
  72  5:33  Probe  
  73  5:35  Probe  
  68  5:43  Probe  
  68  5:47  Probe  
  68  5:54  Probe, Gateway  
  68  5:56  Gateway  
  69  5:57  Gateway  
  69  5:58  Probe  
  69  5:59  Warp Prism (Chrono Boost)  
  69  6:00  Probe, Gateway  
  71  6:05  Probe  
  71  6:09  Probe  
  73  6:11  Pylon  
  73  6:12  Probe  
  73  6:15  Probe  
  75  6:20  Probe  
  75  6:22  Pylon  
  75  6:23  Sentry, Stalker x2  
  75  6:24  Probe  
  83  6:35  Immortal (Chrono Boost)  
  83  6:37  Pylon  
  83  6:39  Adept, Pylon  
  89  6:48  Stalker  
  89  6:49  Adept x2  
  89  6:53  Stalker  
  89  6:54  Stalker x2  
  99  6:57  Stalker  
  103  7:03  Pylon  
  103  7:09  Forge  
  103  7:15  Immortal (Chrono Boost)  
  107  7:16  Adept x4  
  107  7:19  Adept x2  
  119  7:24  Adept x2  
  119  7:25  Probe  
  119  7:26  Probe x2  
  126  7:38  Stalker  
  126  7:39  Stalker x3  
  132  7:48  Probe  
  132  7:51  Adept x4  
  131  7:57  Probe  
  128  8:10  Protoss Ground Weapons Level 1 (Chrono Boost)  
  128  8:12  Nexus  
  128  8:15  Pylon  
  128  8:16  Pylon  
  124  8:21  Adept x5  
  130  8:42  Stalker, Adept x4, Pylon  
  130  8:43  Stalker  
  130  8:47  Adept  
  144  8:52  Adept  
  130  9:06  Adept  
  130  9:07  Adept x2  
  111  9:11  Adept  
  101  9:21  Stalker  
  103  9:36  Probe  
  103  9:37  Probe  
  103  9:43  Probe, Adept x3  
  108  9:47  Probe  
  108  9:51  Mothership Core (Chrono Boost)  
  111  10:01  Probe (Chrono Boost)  
  111  10:03  Observer  
  111  10:06  Protoss Ground Weapons Level 2 (Chrono Boost)  
  112  10:09  Probe (Chrono Boost)  
  113  10:16  Stalker  
  113  10:17  Stalker x3  
  122  10:21  Probe (Chrono Boost)  
  122  10:26  Adept x3  
  128  10:33  Sentry  
  130  10:42  Adept x4  
  138  10:50  Pylon  
  138  10:52  Probe x2 (Chrono Boost), Assimilator  
  138  10:53  Probe (Chrono Boost)  
  138  10:55  Assimilator  
  141  11:00  Sentry x2  
  141  11:03  Probe x2 (Chrono Boost)  
  143  11:06  Adept x2  
  143  11:07  Adept  
  140  11:19  Mothership Core (Chrono Boost)  
  140  11:20  Photon Cannon  
  140  11:24  Stalker  
  140  11:34  Sentry  
  142  11:42  Adept x4  
  142  11:43  Adept  
  152  11:54  Stalker x2  
  154  11:55  Probe (Chrono Boost)  
  154  11:56  Probe x2 (Chrono Boost)  
  155  12:01  Stalker  
  155  12:06  Probe x2 (Chrono Boost)  
  155  12:07  Probe (Chrono Boost)  
  158  12:09  Stalker x2  
  158  12:14  Nexus  
  162  12:16  Pylon x2  
  162  12:17  Photon Cannon  
  154  12:22  Stalker  
  154  12:23  Stalker  
  118  12:41  Sentry  
  118  12:42  Sentry x2, Adept x2  
  92  12:47  Immortal  
  96  13:00  Stalker x2, Adept  
  96  13:03  Protoss Ground Armor Level 1  
  102  13:09  Pylon  
  102  13:18  Stalker x2  
  102  13:19  Stalker x2  
  106  13:29  Adept x3  
  100  13:35  Adept  
  95  13:41  Stalker x2  
  95  13:47  Adept x2  
  80  14:01  Adept  
  61  14:30  Adept x3  
  68  14:46  Observer  
  68  14:57  Templar Archives  
  68  15:04  Probe (Chrono Boost)  
  69  15:15  Probe (Chrono Boost)  
  60  15:22  Psionic Storm  
  60  15:25  Probe (Chrono Boost)  
  61  15:29  Probe (Chrono Boost)  
  61  15:34  Probe  
  61  15:35  High Templar  
  64  15:37  High Templar  
  64  15:38  High Templar  
  64  15:39  Probe  
  70  15:43  High Templar  
  70  15:45  Probe  
  70  15:49  Probe  
  73  15:54  High Templar  
  73  15:55  Probe, Assimilator  
  77  16:05  Pylon  
  77  16:06  Probe  
  77  16:07  Pylon  
  77  16:11  Adept x3  
  78  16:16  Probe  
  81  16:21  Adept x2  
  79  16:27  Probe  
  79  16:31  Stalker  
  79  16:32  Stalker  
  79  16:40  Adept  
  79  16:52  Archon x2  
  73  16:59  Stalker x2  
Show
View Real Time Build Order
Export as new Build Order

MarineLorD Terran - Winner!

Build Orders: MMM Bio 

Get SALT Encoding   

  12  0:00  SCV  
  13  0:12  SCV  
  14  0:17  Supply Depot  
  14  0:24  SCV  
  15  0:39  SCV  
  15  0:41  Barracks  
  16  0:45  Refinery  
  16  0:51  SCV  
  17  1:03  SCV  
  18  1:15  SCV  
  19  1:27  Orbital Command  
  20  1:35  Barracks Reactor  
  19  1:42  Command Center  
  19  1:53  Supply Depot, SCV  
  20  2:05  SCV  
  20  2:08  Factory  
  21  2:12  Marine x2  
  23  2:17  SCV  
  23  2:21  Refinery  
  24  2:29  SCV  
  25  2:30  Marine x2  
  27  2:41  SCV  
  28  2:48  Marine x2  
  30  2:52  Factory Tech Lab  
  30  2:53  Starport  
  30  2:57  Orbital Command  
  30  2:59  SCV  
  31  3:06  Marine  
  31  3:08  Reaper  
  31  3:11  SCV  
  34  3:14  Supply Depot  
  34  3:23  SCV  
  34  3:24  SCV  
  34  3:26  Cyclone  
  39  3:30  Marine  
  40  3:35  SCV  
  40  3:36  SCV  
  40  3:38  Supply Depot  
  40  3:40  Marine  
  43  3:44  Viking  
  43  3:47  SCV  
  43  3:48  SCV  
  47  3:50  Marine  
  48  3:58  Marine  
  48  3:59  SCV  
  48  4:00  SCV  
  48  4:01  Supply Depot  
  51  4:04  Liberator  
  51  4:06  Factory Tech Lab  
  51  4:11  SCV  
  51  4:12  SCV, Marine  
  51  4:16  Marine  
  55  4:24  SCV  
  59  4:30  Marine  
  59  4:34  Barracks, Marine  
  59  4:35  Supply Depot  
  59  4:36  SCV, Barracks  
  59  4:38  SCV  
  62  4:43  Factory Reactor  
  62  4:44  Supply Depot  
  62  4:48  SCV, Supply Depot  
  62  4:50  SCV  
  64  4:53  Marine x2  
  64  4:59  Engineering Bay  
  66  5:00  SCV  
  66  5:02  SCV  
  68  5:11  Refinery, Marine x2  
  68  5:12  SCV, Medivac  
  73  5:14  SCV  
  74  5:22  Marauder  
  74  5:23  Stimpack  
  74  5:24  SCV  
  74  5:26  SCV  
  78  5:28  Refinery, Factory Reactor  
  78  5:29  Marine  
  78  5:30  Marine  
  78  5:31  Marauder  
  79  5:36  SCV  
  79  5:38  SCV  
  78  5:43  Marine  
  78  5:47  Marine x2  
  78  5:48  SCV  
  81  5:50  SCV  
  81  5:52  Marine  
  81  5:57  Medivac x2  
  85  6:00  SCV  
  85  6:01  Engineering Bay  
  85  6:03  SCV  
  89  6:06  Missile Turret  
  89  6:08  Supply Depot, Combat Shields  
  89  6:12  SCV  
  89  6:14  Supply Depot  
  93  6:18  Marauder  
  93  6:21  Marine  
  94  6:28  Terran Infantry Weapons Level 1  
  94  6:30  Marauder  
  95  6:36  Terran Infantry Armor Level 1  
  95  6:39  Marine x2  
  97  6:40  Marine  
  97  6:43  SCV x2  
  100  6:47  Command Center  
  100  6:50  Marine  
  100  6:53  Barracks  
  101  6:55  SCV x2, Barracks  
  101  6:56  Marine  
  101  6:57  Factory Reactor, Marine  
  101  6:59  Medivac  
  107  7:02  Medivac  
  109  7:09  Supply Depot  
  109  7:11  Supply Depot  
  109  7:12  SCV  
  110  7:24  Concussive Shells  
  110  7:31  SCV, Marauder x2, Marine x2  
  117  7:40  Medivac x2  
  117  7:41  Marine  
  117  7:42  Marine  
  117  7:43  SCV, Marine  
  123  7:52  Marauder x2, Marine  
  123  7:55  SCV x2, Marine  
  124  7:59  Marine x2  
  124  8:02  Marine  
  113  8:07  SCV  
  113  8:08  SCV  
  113  8:10  Marine  
  115  8:12  Marine  
  115  8:14  Marauder x2  
  115  8:17  Marine x2  
  115  8:19  SCV, Liberator  
  118  8:20  SCV  
  118  8:23  Liberator  
  118  8:30  Marine x2  
  118  8:35  Marauder x2  
  128  8:44  Orbital Command  
  128  8:49  SCV  
  128  8:50  SCV  
  128  8:51  Marine x2  
  128  8:53  Marine  
  133  8:55  Marine  
  133  8:57  Marauder  
  133  8:59  Marine  
  133  9:02  SCV  
  138  9:05  Marine  
  138  9:09  Marine x2  
  112  9:10  Marine  
  112  9:13  Marine  
  93  9:17  Marine x2  
  93  9:18  Liberator  
  93  9:23  Marauder  
  92  9:26  Marine  
  92  9:27  Marine  
  92  9:28  Marine, Orbital Command  
  95  9:31  Marine  
  95  9:35  Marine  
  95  9:36  Marauder  
  95  9:37  Widow Mine x2  
  106  9:44  Marine  
  106  9:45  SCV x2, Marauder, Marine  
  112  9:46  Marine  
  112  9:49  Marine  
  114  9:52  Marine  
  114  9:57  SCV, Marauder  
  114  9:58  SCV  
  119  10:02  Marine  
  119  10:06  Marauder  
  119  10:09  SCV, Marine x2  
  122  10:15  Marine  
  122  10:16  Marine  
  122  10:19  SCV, Marauder  
  122  10:20  Marine  
  126  10:27  Marauder, Marine  
  130  10:29  Marine  
  130  10:33  Marine x2  
  132  10:37  Supply Depot x3  
  132  10:38  Marine  
  132  10:40  Marauder  
  135  10:45  Marine  
  135  10:47  Marine  
  135  10:48  Marine, Orbital Command, Medivac  
  140  10:56  Marine  
  141  10:58  Medivac, Marine  
  141  11:01  Marauder  
  137  11:07  Marauder  
  137  11:08  Marine  
  137  11:09  Marine  
  137  11:10  Marine  
  140  11:21  Marine  
  140  11:22  Marine  
  140  11:23  Marauder  
  144  11:26  Marine  
  144  11:28  Marauder  
  144  11:31  Marine  
  137  11:40  Marine  
  137  11:44  Marauder  
  137  11:45  Marine  
  141  11:49  Marauder  
  143  11:56  Marine  
  143  12:00  Marine  
  145  12:01  Marine  
  145  12:06  Marauder  
  145  12:08  Marine x2  
  145  12:11  Marauder  
  145  12:14  Marine  
  150  12:18  Marine  
  150  12:19  Marine  
  149  12:26  Marine  
  149  12:27  Marauder  
  129  12:32  Marauder  
  129  12:34  Marine  
  121  12:39  Marine  
  121  12:43  Marine, Orbital Command  
  106  13:00  Marine  
  107  13:13  Marine x2, Orbital Command  
  107  13:14  Marine  
  110  13:24  Marine, Marauder  
  110  13:30  Marine  
  110  13:32  Marine  
  94  13:35  Marine  
  94  13:38  Marine  
  93  13:42  Marine  
  93  13:46  Marine  
  95  13:48  Marine  
  95  13:50  Missile Turret, Marine  
  95  13:53  Marine  
  94  13:56  Marine  
  94  13:58  Marine  
  94  14:01  Medivac  
  80  14:03  Marine  
  80  14:06  Marauder  
  80  14:07  Marine  
  77  14:12  Medivac  
  77  14:14  Marine  
  77  14:16  Marine  
  77  14:17  Marine  
  79  14:21  Marauder  
  79  14:22  Marine  
  81  14:27  Marine x2  
  81  14:31  Marine, Medivac  
  81  14:34  Marine  
  81  14:36  Marine  
  86  14:39  Marine  
  86  14:42  Medivac, Marine  
  86  14:44  Marine  
  91  14:49  Marine x2  
  91  14:51  Marine  
  88  14:54  Marine  
  88  14:57  Marine  
  88  15:01  Viking, Liberator  
  88  15:05  Marine  
  91  15:08  Marine  
  91  15:11  Marine x2  
  91  15:13  Marine  
  96  15:14  Liberator  
  96  15:19  Marauder, Marine  
  99  15:22  Marine  
  99  15:26  Marine  
  101  15:28  Marine  
  101  15:29  Marine  
  101  15:31  Marine  
  101  15:33  SCV x2  
  109  15:37  Marine  
  109  15:40  Marine x2  
  112  15:44  Marine  
  112  15:46  Marine  
  112  15:47  Marauder  
  112  15:49  Marine  
  117  15:51  Liberator  
  117  15:54  Marine  
  118  15:57  Liberator  
  118  15:58  Marine  
  118  15:59  Marauder  
  118  16:02  Marine  
  121  16:04  Marine  
  121  16:07  Marine  
  126  16:11  Marine  
  126  16:13  Marine  
  131  16:24  Marine  
  131  16:25  Orbital Command  
  124  16:34  Ghost Academy  
  122  16:41  Marine  
  122  16:42  Marine  

Tags
 
Add a new tag
Caveats
  • Supply blocks, unpowered buildings, or Contaminate may cause inaccurate times.
  • Supply counts are checked every 10 seconds.